 Dungeon Crawl Stone Soup version 0.27-a0-1417-g4c841f6 (webtiles) character file.

Game seed: 14400584377255160395

100 Meow the Stinger (level 4, 36/36 HPs)
             Began as a Naga Venom Mage on July 1, 2021.
             Quit the game on level 3 of the Dungeon.
             The game lasted 00:09:26 (2480 turns).

Meow the Stinger (Naga Venom Mage)                  Turns: 2480, Time: 00:09:27

Health: 36/36      AC:  2    Str: 10    XL:     4   Next: 74%
Magic:  8/8        EV: 10    Int: 16    God:
Gold:   90         SH:  0    Dex: 12    Spells: 2/9 levels left

rFire    . . .     SeeInvis +   a - +0 dagger
rCold    . . .     Faith    .   (no shield)
rNeg     . . .     Spirit   .   f - +0 robe
rPois    +         Reflect  .   (no helmet)
rElec    .         Harm     .   (no cloak)
rCorr    .         Rampage  .   (no gloves)
Will     .....                  (no barding)
Stlth    +++.......             l - amulet of magic regeneration
HPRegen  0.12/turn              (no ring)
MPRegen  0.36/turn              (no ring)

@: very slow
A: AC +1, large, see invisible, deformed body, poison resistance, slowness 2,
spit poison 1, naga tail 1
a: Spit Poison


You were on level 3 of the Dungeon.
You visited 1 branch of the dungeon, and saw 3 of its levels.

You collected 90 gold pieces.

Inventory:

Hand Weapons
 a - a +0 dagger (weapon)
 j - a +0 hunting sling
Missiles
 b - 70 stones (quivered)
 c - a throwing net
 e - 50 sling bullets
 g - 62 arrows
Armour
 f - a +0 robe (worn)
Jewellery
 l - an amulet of magic regeneration (around neck)
Wands
 m - a wand of iceblast (12)
Scrolls
 i - a scroll of fog {unknown}
 k - a scroll of enchant weapon {unknown}
Potions
 d - a potion of heal wounds
 h - a potion of lignification
 n - 2 potions of cancellation {unknown}


   Skills:
 - Level 1.5 Dodging
 + Level 4.9 Stealth
 + Level 3.0 Spellcasting
 - Level 1.0 Transmutations
 + Level 5.2 Poison Magic


You had 2 spell levels left.
You knew the following spells:

 Your Spells              Type           Power      Damage    Failure   Level
a - Sting                 Tmut/Pois      48%        1d5       5%          1
c - Mephitic Cloud        Conj/Pois/Air  8%         N/A       26%         3
C - Ignite Poison         Fire/Tmut/Pois 9%         N/A       24%         3

Your spell library contained the following spells:

 Spells                   Type           Power      Damage    Failure   Level
 Poisonous Vapours        Pois/Air       20%        N/A       10%         2
 Olgreb's Toxic Radiance  Pois           19%        N/A       22%         4
 Conjure Ball Lightning   Conj/Air       1%         3x3d6     100%        6
 Discord                  Hex            1%         N/A       100%        8
 Disjunction              Tloc           1%         N/A       100%        8


Dungeon Overview and Level Annotations

Branches:
Dungeon (3/15)

Altars:

Shops:
D:2 (!   D:3 (


Innate Abilities, Weirdness & Mutations

Your serpentine skin is tough. (AC +1)
You have supernaturally acute eyesight. (SInv)
Armour fits poorly on your strangely shaped body.
Your system is resistant to poisons. (rPois)
You cover ground very slowly.
You can spit poison.
You have a snake-like lower body.


Message History

The sting hits the gnoll.
The gnoll looks even sicker.
The gnoll is moderately wounded.
You have got your breath back.
The gnoll is engulfed in noxious fumes.
The gnoll appears confused.
Press: ? - help, Shift-Dir - straight line, f/p - gnoll
Aim: a gnoll, wielding a +0 spear (heavily wounded, confused, very poisoned)
The splash of poison hits the gnoll.
The gnoll looks even sicker.
The gnoll is almost dead.
Unknown command.
You catch the helpless gnoll completely off-guard!
You puncture the gnoll!
You kill the gnoll!
Your magical contamination has completely faded away.
Your Spellcasting skill increases to level 3!
Things that are here:
a +0 spear; a gnoll corpse You have got your breath back.
You start resting.
Magic restored.
Things that are here:
a +0 spear; a gnoll corpse
Things that are here:
a +0 spear; a gnoll corpse
Things that are here:
a +1 vampiric halberd; a gnoll corpse You see here a +0 halberd.
Found a stone staircase leading up.
n - 2 white potions You open the door.
There is an open door here.
A frilled lizard and a dart slug come into view.
There are monsters nearby!
Throw: 71 stones
Press: ? - help, Q - select action, (/) - cycle Shift-Dir - straight line, f - frilled lizard
Aim: a frilled lizard (asleep, 98% to hit)
You throw a stone. The stone hits the frilled lizard.
The frilled lizard hisses angrily.
The frilled lizard is heavily wounded.
There is an open door here.
Are you sure you want to abandon this character and quit the game? (Confirm with "yes".)

. ..8###### ########
#w......### #.......
#.......'.# #....##.
(.8######.#######.#....##.
#.........#....##.
#@#########.......
#.#.......#....###
#.#.#####.#.......
#######.#.# #[#..<..#.
#.....#.#.#####.#'###...
#.###.#.#.##...........#
#.# #.#.#.##...........#
#.# #.#.#..............#
#.# #.#.#####.#.#.######


There were no monsters in sight!

Vanquished Creatures
  4 gnolls (D:3)
  2 adders (D:2)
  3 worms (D:2)
  3 dart slugs (D:2)
  2 bats (D:2)
  5 endoplasms
  A giant cockroach (D:1)
  A goblin (D:1)
  2 hobgoblins (D:1)
  3 ball pythons
  4 frilled lizards
  4 kobolds
  3 rats (D:1)
37 creatures vanquished.

Notes
Turn   | Place    | Note
-------+----------+-------------------------------------------
     0 | D:1      | Meow the Naga Venom Mage began the quest for the Orb.
     0 | D:1      | Reached XP level 1. HP: 15/15 MP: 3/3
   333 | D:1      | Reached XP level 2. HP: 22/22 MP: 5/5
   650 | D:1      | Found a faded altar of an unknown god.
  1273 | D:2      | Reached XP level 3. HP: 28/28 MP: 3/6
  1409 | D:2      | Found Ruolir's Antique Weapon Shop.
  1636 | D:2      | Found Vuffyrif's Distillery.
  1794 | D:2      | Reached XP level 4. HP: 36/36 MP: 8/8
  2003 | D:3      | Learned a level 3 spell: Mephitic Cloud
  2007 | D:3      | Learned a level 3 spell: Ignite Poison
  2149 | D:3      | Found Mofrauj's Antique Weapon Shop.
  2173 | D:3      | Reached skill level 5 in Poison Magic
  2480 | D:3      | Quit the game

Illustrated notes

Levels and vault maps discovered:
D:1:      scummos_arrival_star, layout_basic,
          hellmonk_ecumenical_altar_heavens_door, minmay_misc_feat_nine_boxes
D:2:      minmay_evil_eye, layout_rooms, serial_shops, nicolae_shop_stone, shop,
          minmay_circle_x
D:3:      minmay_chambers_of_twos, layout_basic, serial_shops, shop,
          uniq_crazy_yiuf_cottage

Skill      XL: |  1  2  3  4 |
---------------+-------------+-----
Stealth        | 4 |  4.9
Poison Magic   | 5 |  5.2
Spellcasting   | 3 |  3.0
Dodging        | |  1.5
Transmutations | |  1.0

Action                   |  1- 3 |  4- 6 || total
-------------------------+-------+-------++-------
Melee: Dagger            |     5 |     2 ||     7
Throw: Stone             |    18 |     1 ||    19
 Cast: Sting             |    37 |     4 ||    41
       Mephitic Cloud    |       |     4 ||     4
 Abil: Spit Poison       |    33 |     8 ||    41
  Use: Scroll            |       |     2 ||     2
 Stab: Confused          |       |     1 ||     1
Armor: Robe              |       |     1 ||     1
Dodge: Dodged            |     6 |     5 ||    11

Table legend: (Time is in decaauts)
 A = Elapsed time spent in this place.
 B = Non-inter-level travel time spent in this place.
 C = Inter-level travel time spent in this place.
 D = Time resting spent in this place.
 E = Time spent auto-exploring this place.
 F = Levels seen in this place.
 G = Mean time per level.
                   A        B        C        D        E       F      G
               +--------+--------+--------+--------+--------+-----+--------+
         Total |   3167 |   3072 |     95 |    564 |   1736 |   3 | 1055.7 |
       Dungeon |   3167 |   3072 |     95 |    564 |   1736 |   3 | 1055.7 |
               +--------+--------+--------+--------+--------+-----+--------+

Top non-repeatable levels by time:
     D:2: 1315 daAuts
     D:1: 1203 daAuts
     D:3: 649 daAuts
